[ PARTIDA AOE2 · #505550589 ]
UnrankedMuiscas vs Bengalis
Equipo del jugador · DERR
Equipo rival · VICT
[ ANÁLISIS DE REPETICIÓN · EXTRAÍDO DE LA PARTIDA GRABADA ]
Feudal
9:26
Castillos
—
Imperial
—
| APM promedio | 24.1 |
| APM pico | 49 |
| eAPM promedio | 14.7 |
| Aldeanos / militares | 32 / 10 |
Foco
⚔️ 24.0% · 🌾 76.0%
Archer ×10 · Unknown (2550) ×3
Feudal
9:15
Castillos
—
Imperial
—
| APM promedio | 61.7 |
| APM pico | 102 |
| eAPM promedio | 16.3 |
| Aldeanos / militares | 33 / 12 |
Foco
⚔️ 19.8% · 🌾 80.2%
Archer ×9 · Scout Cavalry ×2 · Spearman ×1
Mapa de la partida
Recursos iniciales + cada clic de construcción. Líneas = muros · curvas = relieve. ◆ oro · ⬟ piedra · ● bayas · ✦ reliquia · ◌ hueco del cierre
Tu base· Abierta — hueco de 3t
Base de Table_Rase· Abierta — hueco de 8t
Terreno inicial suavizado · ◌ = hueco del cierre detectado · pasá el cursor para detalles
Inputs por minuto
— jj1471 - - Table_Rase
Build order — jj1471
76 acciones detectadas en el replay
| 0:01 | Encolar | Villager (Male) |
| 0:02 | Encolar | Villager (Male) |
| 0:03 | Construir | House |
| 0:05 | Construir | House |
| 0:16 | Encolar | Villager (Male) |
| 0:16 | Encolar | Villager (Male) |
| 1:51 | Encolar | Villager (Male) |
| 2:01 | Construir | Settlement |
| 2:03 | Encolar | Villager (Male) |
| 2:32 | Encolar | Villager (Male) |
| 2:50 | Encolar | Villager (Male) |
| 3:21 | Encolar | Villager (Male) |
| 3:22 | Encolar | Villager (Male) |
| 3:40 | Construir | Settlement |
| 3:58 | Encolar | Villager (Male) |
| 3:58 | Encolar | Villager (Male) |
| 4:57 | Encolar | Villager (Male) |
| 4:58 | Encolar | Villager (Male) |
| 4:58 | Encolar | Villager (Male) |
| 4:58 | Encolar | Villager (Male) |
| 5:48 | Construir | Barracks |
| 6:15 | Investigar | Loom |
| 6:54 | Construir | House |
| 7:03 | Investigar | Feudal Age |
| 7:22 | Encolar | Unit 2550 |
| 7:28 | Encolar | Unit 2550 |
| 8:37 | Construir | Settlement |
| 8:45 | Encolar | Villager (Male) |
| 9:26 | Edad | Edad Feudal |
| 9:37 | Construir | Archery Range |
| 9:42 | Investigar | Tech 1402 |
| 9:44 | Investigar | Double-Bit Axe |
| 9:45 | Encolar | Villager (Male) |
| 10:05 | Encolar | Unit 2550 |
| 10:12 | Encolar | Villager (Male) |
| 10:30 | Encolar | Archer |
| 10:38 | Encolar | Villager (Male) |
| 10:42 | Construir | Farm |
| 10:43 | Construir | Farm |
| 10:44 | Construir | Farm |
| 11:05 | Encolar | Villager (Male) |
| 11:09 | Encolar | Archer |
| 11:20 | Construir | Farm |
| 11:27 | Construir | Farm |
| 11:36 | Encolar | Villager (Male) |
| 11:38 | Encolar | Archer |
| 11:47 | Construir | House |
| 11:48 | Construir | House |
| 11:54 | Encolar | Villager (Male) |
| 11:57 | Encolar | Archer |
| 12:05 | Encolar | Villager (Male) |
| 12:33 | Encolar | Villager (Male) |
| 12:38 | Construir | Blacksmith |
| 12:44 | Encolar | Archer |
| 12:57 | Construir | House |
| 12:58 | Construir | House |
| 13:03 | Encolar | Villager (Male) |
| 13:06 | Construir | Farm |
| 13:09 | Encolar | Archer |
| 13:23 | Construir | Farm |
| 13:25 | Encolar | Villager (Male) |
| 13:33 | Investigar | Fletching |
| 13:35 | Encolar | Archer |
| 13:44 | Construir | Farm |
| 13:52 | Encolar | Villager (Male) |
| 14:06 | Construir | Farm |
| 14:11 | Encolar | Villager (Male) |
| 14:14 | Encolar | Archer |
| 14:23 | Construir | Farm |
| 14:38 | Encolar | Villager (Male) |
| 14:43 | Investigar | Padded Archer Armor |
| 14:46 | Encolar | Archer |
| 15:05 | Encolar | Villager (Male) |
| 15:14 | Construir | Archery Range |
| 15:27 | Encolar | Archer |
| 15:29 | Encolar | Villager (Male) |
Build order — Table_Rase
82 acciones detectadas en el replay
| 0:00 | Encolar | Villager (Male) |
| 0:02 | Construir | House |
| 0:03 | Construir | House |
| 0:10 | Encolar | Villager (Male) |
| 0:10 | Encolar | Villager (Male) |
| 0:10 | Encolar | Villager (Male) |
| 0:10 | Encolar | Villager (Male) |
| 1:26 | Encolar | Villager (Male) |
| 1:49 | Encolar | Villager (Male) |
| 2:05 | Construir | Lumber Camp |
| 2:17 | Encolar | Villager (Male) |
| 2:55 | Encolar | Villager (Male) |
| 2:55 | Encolar | Villager (Male) |
| 2:55 | Encolar | Villager (Male) |
| 3:31 | Encolar | Villager (Male) |
| 3:31 | Encolar | Villager (Male) |
| 3:55 | Construir | House |
| 4:02 | Encolar | Villager (Male) |
| 4:50 | Encolar | Villager (Male) |
| 4:58 | Investigar | Loom |
| 5:04 | Construir | Mill |
| 5:19 | Encolar | Villager (Male) |
| 5:28 | Encolar | Villager (Male) |
| 5:39 | Encolar | Villager (Male) |
| 6:02 | Encolar | Villager (Male) |
| 6:08 | Construir | House |
| 7:00 | Investigar | Feudal Age |
| 7:19 | Construir | Barracks |
| 7:48 | Encolar | Villager (Male) |
| 8:02 | Construir | House |
| 8:06 | Encolar | Villager (Male) |
| 8:46 | Construir | Mining Camp |
| 8:58 | Encolar | Villager (Male) |
| 9:15 | Edad | Edad Feudal |
| 9:20 | Construir | Archery Range |
| 9:26 | Encolar | Villager (Male) |
| 9:44 | Encolar | Villager (Male) |
| 9:46 | Encolar | Spearman |
| 10:05 | Construir | Blacksmith |
| 10:07 | Construir | House |
| 10:10 | Encolar | Archer |
| 10:17 | Encolar | Villager (Male) |
| 10:33 | Construir | Palisade Wall |
| 10:37 | Construir | Palisade Wall |
| 10:38 | Construir | Palisade Wall |
| 10:39 | Construir | Palisade Wall |
| 10:41 | Encolar | Villager (Male) |
| 10:48 | Encolar | Archer |
| 10:54 | Investigar | Double-Bit Axe |
| 10:57 | Construir | Farm |
| 10:58 | Construir | Farm |
| 10:59 | Encolar | Villager (Male) |
| 11:06 | Encolar | Archer |
| 11:39 | Encolar | Archer |
| 11:40 | Encolar | Villager (Male) |
| 11:54 | Encolar | Villager (Male) |
| 12:08 | Construir | Farm |
| 12:08 | Construir | Farm |
| 12:14 | Encolar | Villager (Male) |
| 12:18 | Encolar | Archer |
| 12:21 | Investigar | Padded Archer Armor |
| 12:41 | Construir | House |
| 12:45 | Construir | House |
| 12:48 | Investigar | Fletching |
| 13:04 | Encolar | Villager (Male) |
| 13:08 | Encolar | Archer |
| 13:16 | Construir | Stable |
| 13:24 | Construir | House |
| 13:45 | Encolar | Villager (Male) |
| 13:48 | Encolar | Archer |
| 14:07 | Encolar | Archer |
| 14:11 | Encolar | Villager (Male) |
| 14:15 | Construir | Farm |
| 14:15 | Construir | Farm |
| 14:15 | Construir | Farm |
| 14:15 | Construir | Farm |
| 14:16 | Construir | Farm |
| 14:16 | Construir | Farm |
| 14:33 | Investigar | Padded Archer Armor |
| 14:40 | Encolar | Scout Cavalry |
| 14:40 | Encolar | Scout Cavalry |
| 15:00 | Encolar | Archer |
Cronología de la partida
| 5:48 | jj1471 · first_building Barracks |
| 7:19 | Table_Rase · first_building Barracks |
| 9:15 | Table_Rase · age_up feudal |
| 9:20 | Table_Rase · first_building Archery Range |
| 9:26 | jj1471 · age_up feudal |
| 9:37 | jj1471 · first_building Archery Range |
| 10:33 | Table_Rase · wall_segment Palisade Wall x1 |
| 10:37 | Table_Rase · wall_segment Palisade Wall x1 |
| 10:38 | Table_Rase · wall_segment Palisade Wall x1 |
| 10:39 | Table_Rase · wall_segment Palisade Wall x1 |
| 13:16 | Table_Rase · first_building Stable |
| 15:47 | jj1471 · resign |
[ ANÁLISIS IA · 1 CRÉDITO ]
¿Qué pasó realmente en esta partida?
Wolo.gg analiza cada decisión: build order, eco, micro, errores típicos por bracket. Análisis personalizado por WhatsApp o Discord en 30 segundos.
Guía civ
Muiscas
Perfil
Jugador #233339